AoeStats
← hightower_208

Arena

507286256Analyzed
2v2 RM · 14d ago on Sep 17, 2026· 19m 46s· 4 players
Game mode
Random Map
Map size
Medium (4 player)
Population
200
Speed
Normal
Resources
Standard
Victory
Conquest
Starting age
Dark Age
Ending age
Imperial Age
RankedLock teamsTeams togetherTeam positionsShared explorationLock speedFull tech treeHidden civsTurbo modeCheats
Victory
Defeat
🇩🇪 Magyars · Germany
1669
+8
🇩🇪 Mongols · Germany
1613
+10
🇨🇴 Teutons · Colombia
1480
-9
🇳🇱 Tupi · Netherlands
1479
-9
Holy Heroin
10:21 Feudal Age
11:18 Loom
14:11 Castle Age
12:25 Double-Bit Axe
15:42 Fletching
16:27 Bodkin Arrow
MZTK | KaLiuM
5:56 Loom
9:08 Feudal Age
9:39 Town Watch
15:18 Double-Bit Axe
15:15 Horse Collar
hightower_208
11:12 Feudal Age
15:01 Castle Age
14:22 Double-Bit Axe
14:20 Horse Collar
14:31 Double-Bit Axe
16:39 Bow Saw
20:03 Wheelbarrow
20:07 Scale Barding Armor
Mjoelnir
7:13 Loom
10:07 Feudal Age
14:55 Castle Age
Connection lost

Rejoining the realm…

Still unreachable

The connection could not be restored.

Session expired

The server has moved on; the page needs a fresh start.